 Dungeon Crawl Stone Soup version 0.18.1-50-g88ac8fd (console) character file.

1734 CALLOUS the Fighter (level 8, -1/69 HPs)
             Began as a Mummy Monk on Mar 24, 2019.
             Was a Believer of Sif Muna.
             Slain by a killer bee (3 damage)
             ... on level 7 of the Dungeon on Mar 25, 2019.
             The game lasted 02:12:46 (10564 turns).

CALLOUS the Fighter (Mummy Monk)                   Turns: 10564, Time: 02:12:47

Health: -1/69      AC: 12    Str: 14    XL:     8   Next: 76%
Magic:  13/13      EV:  8    Int:  9    God:    Sif Muna [**....]
Gold:   302        SH:  0    Dex: 17    Spells: 0 memorised, 14 levels left

rFire  x . .     SeeInvis .     m - +0 blowgun
rCold  + + .     Gourm    .     B - +2 chain mail {rC+}
rNeg   + + +     Faith    .     (no shield)
rPois  ∞         Spirit   .     (no helmet)
rElec  .         Dismiss  .     w - +0 cloak
rCorr  .         Reflect  .     (no gloves)
SustAt .         Harm     .     h - +0 pair of boots
MR     +....                    (no amulet)
Stlth  ..........               (no ring)
                                (no ring)

@: somewhat resistant to hostile enchantments, extremely unstealthy
A: no food or potions, fire vulnerability, cold resistance 1, negative energy
resistance 3, torment resistance, unbreathing
a: Channel Energy, Renounce Religion


You were on level 7 of the Dungeon.
You worshipped Sif Muna.
Sif Muna was pleased with you.
You were not hungry.

You visited 2 branches of the dungeon, and saw 8 of its levels.

You collected 302 gold pieces.

Inventory:

Hand Weapons
 a - a +1 dagger of protection
 b - a +0 hunting sling
 j - a +0 spear
 m - a +0 blowgun (weapon)
 u - a +0 spear
 x - a +0 shortbow
 y - a +0 spear
 A - a +0 trident
 E - a +0 halberd
 F - a +0 spear
 G - a +0 spear
 H - a +0 spear
 J - a +0 spear
Missiles
 d - 45 bolts
 i - 140 stones
 n - 2 poisoned needles (quivered)
 p - 6 javelins
 r - 67 sling bullets
 v - 57 arrows
Armour
 g - a +0 robe
 h - a +0 pair of boots (worn)
 w - a +0 cloak (worn)
 B - a +2 chain mail of cold resistance (worn)
Jewellery
 o - an uncursed ring of ice {unknown}
 q - an uncursed ring of fire {unknown}
 s - an uncursed ring of wizardry {unknown}
 D - an uncursed ring of ice {unknown}
 I - an uncursed ring of sustain attributes {unknown}
Wands
 C - a wand of polymorph (2/24)
Scrolls
 c - 7 scrolls of identify {unknown}
 e - a scroll of enchant armour {unknown}
 f - 4 scrolls of enchant weapon {unknown}
 k - 4 scrolls of remove curse {unknown}
 l - a scroll of fear {unknown}
 t - 3 scrolls of teleportation {unknown}
Books
 z - a book of Alchemy

   Spells                             Type                      Level
   a - Sublimation of Blood           Necromancy                   2
   b - Ignite Poison                  Fire/Transmutation/Poison    3
   c - Petrify                        Transmutation/Earth          4
   d - Alistair's Intoxication        Transmutation/Poison         5
   e - Irradiate                      Conjuration/Transmutation    5


   Skills:
 * Level 8.3 Fighting
 + Level 5.8 Dodging
 + Level 3.0 Stealth
 - Level 3.2 Unarmed Combat
 * Level 3.7 Spellcasting


You had 14 spell levels left.
You didn't know any spells.

Dungeon Overview and Level Annotations

Branches:
Dungeon (7/15)             Temple (1/1) D:7

Altars:
Cheibriados
Elyvilon
Nemelex Xobeh
Okawaru
Ru
Sif Muna
Xom
Zin

Annotations:
D:1 1 exclusion
D:2 1 exclusion
D:3 exclusions: adder, 2 orcs and orc priest
D:4 5gED, Grinder, Robin
D:5 exclusion: sky beast
D:6 7sbD7opDclubmailring, exclusions: orc priest and sky beast


Innate Abilities, Weirdness & Mutations

You do not eat or drink.
Your flesh is vulnerable to fire.
You are immune to poison.
Your flesh is cold resistant.
You are immune to negative energy.
You are immune to unholy pain and torment.
You can survive without breathing.


Message History

Unknown command.
Okay, then.
Firing (i - inventory. (,) - cycle):
n - 4 poisoned needles (quivered)
Press: ? - help, Shift-Dir - straight line, f/p - killer bee
Aim: a killer bee (moderately wounded)
You shoot a poisoned needle.
The poisoned needle hits the killer bee.
The killer bee is moderately wounded.
The killer bee stings you but does no damage.
The killer bee stings you.
* * * LOW HITPOINT WARNING * * *
Firing (i - inventory. (,) - cycle):
n - 3 poisoned needles (quivered)
Press: ? - help, Shift-Dir - straight line, f/p - killer bee
Aim: a killer bee (moderately wounded)
You shoot a poisoned needle.
The poisoned needle hits the killer bee.
The killer bee is poisoned.
The killer bee is moderately wounded.
The killer bee stings you.
You die...

#####################
.....................
#######....#############
......#....###### #####
.................. .....
(................. ####
(.(...†....#######. #
#+#+###....# #. # #....#
##..### #....# #....[.
#@...# #......
.....(y##### #......
.....(y #...... (.....(
#...... ....... #......
....... #...... .......
....... (..(..$ ####..#
####. ...... ......


You could see 2 killer bees.

Vanquished Creatures
  Duvessa (D:5)
  An ice beast (D:5)
  A necrophage (D:5)
  A centaur (D:5)
  An ogre (D:5)
  A big kobold (D:7)
  Dowan (D:5)
  A water moccasin skeleton (D:7)
  4 killer bees (D:7)
  A howler monkey (D:4)
  3 wights (D:6)
  A centaur zombie (D:5)
  2 crimson imps (D:5)
  A quasit (D:6)
  A jelly (D:5)
  An orc priest (D:5)
  2 orc wizards (D:5)
  2 hounds
  An iguana (D:7)
  3 worker ants
  A mummy (D:6)
  10 gnolls
  11 adders
  2 shadow imps
  2 oozes
  An adder zombie (D:5)
  4 worms
  3 dart slugs (D:1)
  2 giant geckos
  9 orcs
  2 ball pythons
  10 giant cockroaches
  12 goblins
  9 hobgoblins
  2 jackals (D:2)
  3 quokkas
  10 bats
  A giant gecko skeleton (D:5)
  4 giant newts
  A jackal skeleton (D:5)
  15 kobolds
  A quokka skeleton (D:7)
  8 rats
153 creatures vanquished.

Notes
Turn   | Place    | Note
--------------------------------------------------------------
     0 | D:1      | CALLOUS the Mummy Monk began the quest for the Orb.
     0 | D:1      | Reached XP level 1. HP: 18/18 MP: 1/1
   245 | D:1      | Reached XP level 2. HP: 24/24 MP: 2/2
   922 | D:1      | Reached XP level 3. HP: 14/30 MP: 3/3
  1675 | D:1      | Reached skill level 4 in Fighting
  2747 | D:2      | Reached XP level 4. HP: 18/37 MP: 5/5
  3020 | D:2      | Reached skill level 1 in Spellcasting
  4178 | D:3      | Reached XP level 5. HP: 39/43 MP: 6/6
  5185 | D:4      | Noticed Robin
  5257 | D:4      | Noticed Grinder
  5267 | D:4      | Paralysed by Grinder for 4 turns
  5384 | D:5      | Entered Level 5 of the Dungeon
  5610 | D:5      | Noticed a sky beast
  5761 | D:5      | Reached skill level 5 in Fighting
  5835 | D:5      | Reached XP level 6. HP: 29/51 MP: 7/9
  6732 | D:5      | Reached XP level 7. HP: 31/57 MP: 10/10
  6880 | D:5      | Noticed Duvessa
  6902 | D:5      | Noticed Dowan
  6936 | D:5      | Reached skill level 6 in Fighting
  7430 | D:5      | Found a glowing silver altar of Zin.
  8123 | D:5      | Killed Duvessa
  8146 | D:5      | Killed Dowan
  8509 | D:6      | Reached skill level 5 in Dodging
  8590 | D:6      | Found a snail-covered altar of Cheibriados.
  8760 | D:5      | Reached XP level 8. HP: 65/65 MP: 12/12
  9131 | D:6      | Reached skill level 7 in Fighting
  9835 | D:7      | Found a staircase to the Ecumenical Temple.
  9983 | Temple   | Entered the Ecumenical Temple
 10032 | Temple   | Became a worshipper of Sif Muna the Loreminder
 10032 | Temple   | Reached * piety under Sif Muna
 10032 | Temple   | Reached ** piety under Sif Muna
 10537 | D:7      | Reached skill level 8 in Fighting
 10563 | D:7      | HP: 2/69 [killer bee (2)]
 10564 | D:7      | Slain by a killer bee

Skill      XL: |  1  2  3  4  5  6  7  8 |
---------------+-------------------------+-----
Fighting       | 4 5 6 8 |  8.3
Spellcasting   | 1 2 3 |  3.7
Dodging        | 3 4 5 |  5.8
Stealth        | 2 3 |  3.0
Unarmed Combat | |  3.2

Action                   |  1- 3 |  4- 6 |  7- 9 || total
-------------------------+-------+-------+-------++-------
Melee: Unarmed           |   172 |   270 |   332 ||   774
       Punch             |     5 |     4 |     4 ||    13
       Dagger            |     5 |     7 |       ||    12
 Fire: Hunting sling     |       |    63 |    18 ||    81
       Shortbow          |       |       |    88 ||    88
       Blowgun           |       |       |    68 ||    68
Throw: Stone             |    23 |    60 |     2 ||    85
       Javelin           |       |     5 |     5 ||    10
 Stab: Sleeping          |     6 |     6 |       ||    12
Armor: Robe              |    16 |    45 |    13 ||    74
       Chain mail        |       |       |   185 ||   185
Dodge: Dodged            |    76 |   166 |   235 ||   477
